 Dungeon Crawl Stone Soup version 0.19.1 (webtiles) character file.

51434 lorenzova the Eclecticist (level 14, -3/68 HPs)
             Began as a Deep Elf Conjurer on Dec 5, 2016.
             Was a High Priest of Vehumet.
             Slain by a yak (14 damage)
             ... on level 6 of the Lair of Beasts.
             The game lasted 01:19:08 (21506 turns).

lorenzova the Eclecticist (Deep Elf Conjurer)      Turns: 21506, Time: 01:19:09

Health: -3/68      AC: 11    Str:  5    XL:     14   Next: 23%
Magic:  6/35       EV: 18    Int: 31    God:    Vehumet [*****.]
Gold:   1206       SH:  4    Dex: 19    Spells: 9 memorised, 17 levels left

rFire  . . .     SeeInvis +     b - +1 scimitar (flame)
rCold  . . .     Gourm    +     R - +2 robe of Gluttony {Int+5}
rNeg   . . .     Faith    .     O - +0 buckler
rPois  .         Spirit   .     I - +1 helmet {SInv}
rElec  .         Reflect  .     i - +2 cloak
rCorr  .         Harm     .     L - +0 pair of gloves
MR     +....                    (no boots)
Stlth  ++++......               Q - amulet of the gourmand
                                g - ring of wizardry
                                P - +4 ring of dexterity

@: about to teleport, slowed, delayed fireball, repel missiles, very slow
A: no striking features
a: Renounce Religion, Release Delayed Fireball


You were on level 6 of the Lair of Beasts.
You worshipped Vehumet.
Vehumet was extremely pleased with you.
You were very full.

You visited 3 branches of the dungeon, and saw 17 of its levels.
You also visited: Sewer.

You collected 1206 gold pieces.

Inventory:

Hand Weapons
 b - a +1 scimitar of flaming (weapon)
 F - a +0 dagger of holy wrath
Armour
 i - a +2 cloak (worn)
 C - a +2 leather armour of cold resistance
 I - a +1 helmet of see invisible (worn)
 L - a +0 pair of gloves (worn)
 O - a +0 buckler (worn)
 R - the +2 robe of Gluttony (worn) {Int+5}
   (You found it on level 3 of the Lair of Beasts)

   It affects your intelligence (+5).
Jewellery
 g - a ring of wizardry (right hand)
 k - an uncursed ring of protection from cold
 P - a +4 ring of dexterity (left hand)
 Q - an amulet of the gourmand (around neck)
Wands
 e - a wand of digging (16/24)
 f - a wand of confusion (19/48)
 B - a wand of digging (12/24)
 X - a wand of teleportation (1/9)
Scrolls
 a - a scroll of silence {unknown}
 j - 4 scrolls of fog {unknown}
 m - 5 scrolls of remove curse
 n - 4 scrolls of amnesia {unknown}
 o - a scroll of magic mapping {unknown}
 p - 3 scrolls of immolation {unknown}
 s - 7 scrolls of teleportation
 v - 3 scrolls of noise {unknown}
 w - 4 scrolls of fear {unknown}
 x - 7 scrolls of enchant weapon {unknown}
 D - 2 scrolls of blinking {unknown}
 E - a scroll of enchant armour {unknown}
 J - 3 scrolls of random uselessness {unknown}
 W - a scroll of recharging {unknown}
Potions
 d - a potion of agility
 h - 2 potions of resistance
 l - a potion of haste
 q - 2 potions of cure mutation
 r - 3 potions of curing
 t - a potion of invisibility
 u - 4 potions of brilliance
 z - 6 potions of flight
 A - a potion of cancellation
 G - 2 potions of lignification
 H - a potion of magic {unknown}
 K - a potion of mutation {unknown}
 M - a potion of might {unknown}
 N - a potion of ambrosia {unknown}
 S - a potion of berserk rage {unknown}
 U - 5 potions of heal wounds {unknown}
Miscellaneous
 y - a lamp of fire
 T - a crystal ball of energy
Comestibles
 c - 9 bread rations
 V - a beef jerky
 Z - 3 fruits


   Skills:
 - Level 5.5 Armour
 - Level 8.5 Dodging
 + Level 8.4 Stealth
 + Level 15.9 Spellcasting
 + Level 14.0 Conjurations
 - Level 9.3 Charms
 - Level 3.5 Translocations
 * Level 10.4 Fire Magic
 - Level 3.0 Air Magic
 + Level 6.6 Evocations


You had 17 spell levels left.
You knew the following spells:

 Your Spells              Type           Power        Failure   Level  Hunger
a - Magic Dart            Conj           ####         0%          1    None
b - Iskenderun's Battles  Conj/Chrm      #######.     1%          5    None
c - Iskenderun's Mystic   Conj           #######.     1%          4    None
d - Delayed Fireball      Conj/Fire      N/A          2%          7    #####..
f - Fireball              Conj/Fire      #######...   1%          5    None
g - Repel Missiles        Chrm/Air       ######       1%          2    None
h - Swiftness             Chrm/Air       ######..     1%          2    None
p - Blink                 Tloc           N/A          1%          2    None
s - Sticky Flame          Conj/Fire      #######.     1%          4    None


Dungeon Overview and Level Annotations

Branches:
Dungeon (10/15)            Temple (1/1) D:6            Lair (6/6) D:10
  Swamp (0/4) Lair:4       Spider (0/4) Lair:2        Slime (0/5) Lair:5
    Orc (0/2) D:10

Altars:
Ashenzari
Cheibriados
Dithmenos
Elyvilon
Fedhas
Gozag
Hepliaklqana
Kikubaaqudgha
Makhleb
Nemelex Xobeh
Okawaru
Qazlal
Ru
Sif Muna
Trog
Uskayaw
Vehumet
Xom
Yredelemnul
Zin
The Shining One
Jiyva

Annotations:
Lair:5 1 runed door


Message History

Casting: Iskenderun's Battlesphere
Confirm with . or Enter, or press ? or * to list all spells.
You don't have enough magic to cast that spell.
You see here a death yak skeleton.
The yak barely misses your battlesphere.
Being near the torpor snail leaves you feeling lethargic.
A torpor snail comes into view.
The yak gores your battlesphere! The torpor snail completely misses you.
The yak snorts and paws the ground.
The torpor snail bites you!!
The death yak snorts and paws the ground.
As you read the scroll of teleportation, it crumbles to dust.
You feel strangely unstable. You block the death yak's attack.
The yak gores you! The torpor snail barely misses you.
The death yak gores you!!
* * * LOW HITPOINT WARNING * * *
Unknown command.
The yak gores you!
You die...

### ### ##### #######.#######.##
##...#
##.#..P....#...#..###....#
#.......*................# #
#[.........w.............# ##
#.........YY@............### .##
#........Y.Y........<....#.#
..###.)........................#
.###.........................###
.# #..##.#...#.##..P.##........#
.# #..##########.##..##.......##
####.## #######........## #
#Y..## ##.......P# ##.##.#
#......###


You could see 2 death yaks, a torpor snail, 2 yaks and a friendly battlesphere.

Vanquished Creatures
  Fannar (Lair:2)
  3 catoblepae (Lair:6)
  7 hydras
  Erica (Lair:2)
  19 death yaks
  10 elephants
  7 black mambas
  A torpor snail (Lair:3)
  A gargoyle (D:10)
  4 spiny frogs
  3 rime drakes
  4 komodo dragons
  2 trolls
  9 blink frogs
  Grinder (D:6)
  Prince Ribbit (D:8)
  A hornet (D:9)
  11 dream sheep
  9 hippogriffs
  A hill giant zombie (D:10)
  Sigmund (D:6)
  A spriggan (D:7)
  37 yaks
  3 basilisks
  A wraith (D:10)
  The ghost of kraktruk the Ruffian, an amateur DrWz (D:3)
  8 porcupines
  Duvessa (D:6)
  15 water moccasins
  3 orc warriors
  5 ice beasts
  3 black bears
  5 phantoms
  3 sky beasts
  3 ogres
  4 necrophages (D:10)
  5 wolves (Lair:4)
  A centaur (D:10)
  11 crocodiles
  A big kobold (D:10)
  13 bullfrogs
  Dowan (D:6)
  A wyvern skeleton (D:8)
  7 scorpions
  2 troll zombies (D:9)
  13 killer bees
  A howler monkey (D:5)
  5 crimson imps
  A jelly (D:9)
  3 human zombies (D:9)
  5 orc priests
  4 hounds
  5 orc wizards
  3 human skeletons (D:9)
  2 iguanas (D:9)
  A siren (Sewer)
  12 worker ants
  A merfolk avatar (Sewer)
  7 ogre zombies (D:10)
  3 mummies (D:9)
  Robin (D:4)
  2 worker ant zombies (D:10)
  7 gnolls
  18 adders
  5 river rats
  A shadow imp (D:5)
  3 oozes
  3 worms
  4 dart slugs
  10 leopard geckos
  32 orcs
  7 ball pythons
  15 giant cockroaches
  19 goblins
  9 hobgoblins
  9 jackals
  5 quokkas
  12 bats
  13 frilled lizards
  A goblin skeleton (D:10)
  3 goblin zombies (D:10)
  A hobgoblin skeleton (D:10)
  3 hobgoblin zombies (D:10)
  8 kobolds
  A leopard gecko skeleton (D:6)
  17 orc zombies
  2 quokka zombies
  41 rats
  7 fungi
  3 plants
560 creatures vanquished.

Vanquished Creatures (others)
  2 bushes (Lair:5)
  10 fungi
  15 plants
27 creatures vanquished.

Grand Total: 587 creatures vanquished

Notes
Turn   | Place    | Note
-------+----------+-------------------------------------------
     0 | D:1      | lorenzova the Deep Elf Conjurer began the quest for the Orb.
     0 | D:1      | Reached XP level 1. HP: 10/10 MP: 6/6
   277 | D:1      | Reached XP level 2. HP: 15/15 MP: 2/8
   775 | D:1      | Reached skill level 4 in Spellcasting
   976 | D:2      | Reached XP level 3. HP: 19/19 MP: 2/10
  1038 | D:2      | Reached skill level 5 in Conjurations
  1474 | D:2      | Reached XP level 4. HP: 24/24 MP: 5/12
  1695 | D:2      | Reached skill level 5 in Spellcasting
  2119 | D:2      | Learned a level 4 spell: Iskenderun's Mystic Blast
  2162 | D:3      | Noticed kraktruk's ghost (amateur DrWz)
  2461 | D:3      | Found a faded altar of an unknown god.
  2836 | D:3      | Reached XP level 5. HP: 28/28 MP: 10/15
  3711 | D:4      | Reached skill level 6 in Spellcasting
  3792 | D:4      | Found a snail-covered altar of Cheibriados.
  3810 | D:4      | Found a white marble altar of Elyvilon.
  3978 | D:4      | Noticed a water moccasin
  3983 | D:4      | Killed a water moccasin
  3983 | D:4      | Reached XP level 6. HP: 32/32 MP: 2/17
  3990 | D:4      | Learned a level 5 spell: Iskenderun's Battlesphere
  4026 | D:4      | Reached skill level 7 in Spellcasting
  4244 | D:4      | Reached skill level 1 in Charms
  4630 | D:4      | Noticed Robin
  4630 | D:4      | Reached XP level 7. HP: 36/36 MP: 13/19
  4632 | D:4      | Killed Robin
  5319 | D:3      | Killed kraktruk's ghost
  5481 | D:5      | Entered Level 5 of the Dungeon
  5483 | D:5      | Reached skill level 8 in Spellcasting
  5871 | D:5      | Reached XP level 8. HP: 41/41 MP: 13/22
  5977 | D:5      | Found a sparkling altar of Nemelex Xobeh.
  6047 | D:5      | Reached skill level 9 in Spellcasting
  6725 | D:5      | Found a shadowy altar of Dithmenos.
  6952 | D:5      | Found a faded altar of an unknown god.
  6952 | D:5      | Found an opulent altar of Gozag.
  6957 | D:5      | Found a faded altar of an unknown god.
  6960 | D:5      | Found a faded altar of an unknown god.
  6961 | D:5      | Found a faded altar of an unknown god.
  7257 | D:6      | Reached skill level 5 in Charms
  7309 | D:6      | Noticed Sigmund
  7311 | D:6      | Noticed Grinder
  7314 | D:6      | Killed Sigmund
  7314 | D:6      | Reached skill level 10 in Spellcasting
  7315 | D:6      | Paralysed by Grinder for 6 turns
  7325 | D:6      | Killed Grinder
  7347 | D:6      | Found a staircase to the Ecumenical Temple.
  7349 | D:6      | Found a sparkling altar of Nemelex Xobeh.
  7356 | Temple   | Entered the Ecumenical Temple
  7394 | Temple   | Became a worshipper of Vehumet
  7459 | D:6      | Found a glowing drain.
  7468 | Sewer    | Entered a sewer
  7756 | Sewer    | Reached * piety under Vehumet
  7756 | Sewer    | Offered knowledge of Sandblast by Vehumet.
  7938 | Sewer    | Reached XP level 9. HP: 45/45 MP: 11/25
  8459 | D:6      | Noticed Duvessa
  8459 | D:6      | Noticed Dowan
  8492 | D:6      | Killed Duvessa
  8492 | D:6      | Reached skill level 11 in Spellcasting
  8500 | D:6      | Killed Dowan
  8785 | D:7      | Reached skill level 10 in Conjurations
  8848 | D:7      | Offered knowledge of Sting by Vehumet.
  8916 | D:7      | Reached ** piety under Vehumet
  9370 | D:7      | Reached skill level 12 in Spellcasting
  9739 | D:7      | Learned a level 2 spell: Repel Missiles
  9742 | D:7      | Learned a level 2 spell: Blink
 10035 | D:7      | You fall through a shaft for 3 floors!
 10035 | D:10     | Entered Level 10 of the Dungeon
 10102 | D:10     | Found a staircase to the Lair.
 10131 | D:10     | Reached skill level 1 in Translocations
 10158 | D:9      | Reached skill level 1 in Air Magic
 10158 | D:9      | Reached XP level 10. HP: 50/50 MP: 19/28
 10375 | D:9      | Found a hide-covered altar of Uskayaw.
 10579 | D:9      | Offered knowledge of Static Discharge by Vehumet.
 10895 | D:8      | Noticed Prince Ribbit
 10897 | D:8      | Killed Prince Ribbit
 10988 | D:8      | Reached skill level 13 in Spellcasting
 10992 | D:8      | Reached *** piety under Vehumet
 11188 | D:8      | Found a bloodstained altar of Trog.
 12201 | D:9      | Offered knowledge of Stone Arrow by Vehumet.
 12202 | D:9      | Found an ancient bone altar of Kikubaaqudgha.
 12655 | D:10     | Noticed a gargoyle
 12661 | D:10     | Killed a gargoyle
 12820 | D:10     | Reached skill level 1 in Armour
 12820 | D:10     | Reached XP level 11. HP: 54/54 MP: 20/30
 12837 | D:10     | Reached **** piety under Vehumet
 12869 | D:10     | Offered knowledge of Airstrike by Vehumet.
 13040 | D:10     | Found a staircase to the Orcish Mines.
 13389 | D:10     | Found a blossoming altar of Fedhas.
 13544 | D:10     | Reached ***** piety under Vehumet
 13828 | D:10     | Learned a level 5 spell: Fireball
 13856 | D:10     | Offered knowledge of Delayed Fireball by Vehumet.
 13900 | Lair:1   | Entered Level 1 of the Lair of Beasts
 13990 | Lair:1   | Learned a level 7 spell: Delayed Fireball
 14002 | Lair:1   | Reached skill level 5 in Dodging
 14426 | Lair:1   | Reached skill level 1 in Fire Magic
 14858 | Lair:2   | Noticed Erica
 14860 | Lair:2   | Killed Erica
 15103 | Lair:2   | Noticed a six-headed hydra
 15109 | Lair:2   | Killed a six-headed hydra
 15109 | Lair:2   | Reached skill level 14 in Spellcasting
 15177 | Lair:2   | Noticed Fannar
 15187 | Lair:2   | Killed Fannar
 15291 | Lair:2   | Found a hole to the Spider Nest.
 15568 | Lair:2   | Reached XP level 12. HP: 59/59 MP: 13/32
 15972 | Lair:3   | Noticed a four-headed hydra
 15976 | Lair:3   | Killed a four-headed hydra
 15987 | Lair:3   | Reached skill level 5 in Armour
 16116 | Lair:3   | Got a thick robe
 16234 | Lair:3   | Found a frozen archway.
 16266 | Lair:3   | Identified the +2 robe of Gluttony {Int+5} (You found it on level 3 of the Lair of Beasts)
 16297 | Lair:3   | Noticed an eight-headed hydra
 16301 | Lair:3   | Killed an eight-headed hydra
 16434 | Lair:3   | Found a runed door.
 16847 | Lair:3   | Noticed a six-headed hydra
 16852 | Lair:3   | Killed a six-headed hydra
 17025 | Lair:1   | Learned a level 2 spell: Swiftness
 17030 | Lair:1   | Learned a level 4 spell: Sticky Flame
 17115 | Lair:4   | Noticed a six-headed hydra
 17118 | Lair:4   | Killed a six-headed hydra
 17118 | Lair:4   | Reached skill level 1 in Evocations
 17358 | Lair:4   | Reached skill level 5 in Fire Magic
 17361 | Lair:4   | Noticed a six-headed hydra
 17943 | Lair:4   | Found a staircase to the Swamp.
 18285 | Lair:5   | Noticed a seven-headed hydra
 18290 | Lair:5   | Killed a seven-headed hydra
 18882 | Lair:5   | Found a runed door.
 18883 | Lair:5   | Found a viscous altar of Jiyva.
 18929 | Lair:5   | Noticed a death yak
 18990 | Lair:5   | Noticed a death yak
 18991 | Lair:5   | Noticed a death yak
 18992 | Lair:5   | Noticed a death yak
 18993 | Lair:5   | Killed a death yak
 18993 | Lair:5   | Reached skill level 5 in Stealth
 18993 | Lair:5   | Reached XP level 13. HP: 63/63 MP: 17/33
 19007 | Lair:5   | Found a staircase to the Slime Pits.
 19214 | Lair:5   | Reached skill level 15 in Spellcasting
 19694 | Lair:6   | Entered Level 6 of the Lair of Beasts
 19945 | Lair:6   | Reached skill level 5 in Evocations
 20418 | Lair:6   | Offered knowledge of Bolt of Magma by Vehumet.
 21095 | Lair:6   | Reached XP level 14. HP: 68/68 MP: 23/35
 21136 | Lair:6   | Reached skill level 10 in Fire Magic
 21506 | Lair:6   | Slain by a yak

Skill      XL: |  1  2  3  4  5  6  7  8  9 10 11 12 13 14 |
---------------+-------------------------------------------+-----
Spellcasting   | 4 5 6 7 8 10 12 13 14 15 | 15.9
Conjurations   | 5 6 7 8 9 10 11 12 13 14 | 14.0
Charms         | 2 3 5 7 9 |  9.3
Translocations | 1 3 |  3.5
Air Magic      | 1 3 |  3.0
Armour         | 1 4 5 |  5.5
Dodging        | 3 7 8 |  8.5
Fire Magic     | 2 6 9 10 | 10.4
Evocations     | 3 6 |  6.6
Stealth        | 5 7 8 |  8.4

Action                   |  1- 3 |  4- 6 |  7- 9 | 10-12 | 13-15 || total
-------------------------+-------+-------+-------+-------+-------++-------
Melee: Unarmed           |     3 |     3 |       |       |       ||     6
       Dagger            |       |       |    19 |    44 |       ||    63
       Staff             |       |       |       |     1 |       ||     1
       Scimitar          |       |       |       |     7 |       ||     7
 Cast: Magic Dart        |    87 |   147 |   204 |   361 |    75 ||   874
       Iskenderun's Myst |       |    18 |    48 |    82 |    46 ||   194
       Iskenderun's Batt |       |       |    27 |    93 |    22 ||   142
       Repel Missiles    |       |       |       |     2 |       ||     2
       Fireball          |       |       |       |    29 |    45 ||    74
       Swiftness         |       |       |       |     4 |     5 ||     9
       Sticky Flame      |       |       |       |     1 |       ||     1
       Delayed Fireball  |       |       |       |       |     2 ||     2
 Abil: Release Delayed F |       |       |       |       |     1 ||     1
  Use: Scroll            |       |       |     7 |     6 |     1 ||    14
 Stab: Sleeping          |       |       |     1 |       |       ||     1
  Eat: Chunk             |     1 |    12 |    16 |    25 |    14 ||    68
       Meat ration       |       |       |     1 |     1 |       ||     2
       Pizza             |       |       |     1 |       |       ||     1
       Fruit             |       |       |       |     2 |       ||     2
       Royal jelly       |       |       |       |     1 |       ||     1
       Beef jerky        |       |       |       |     1 |       ||     1
Armor: Robe              |     1 |     5 |    19 |     7 |     4 ||    36
       Ring mail         |       |       |       |    15 |       ||    15
Dodge: Dodged            |     9 |    20 |    49 |    48 |    18 ||   144
       Deflected         |       |       |       |     2 |       ||     2
Block: Buckler           |       |       |       |       |     4 ||     4
       Rpst.: Scimitar   |       |       |       |     3 |     5 ||     8
